 Dungeon Crawl Stone Soup version 0.24-a0-203-gf0bc1e9 (webtiles) character file.

Game seed: 11879871256846179541

455 tatocazan the Caller (level 6, -1/41 HPs)
             Began as a Mummy Summoner on Mar 27, 2019.
             Slain by a centaur (6 damage)
             ... on level 5 of the Dungeon.
             The game lasted 00:20:35 (10142 turns).

tatocazan the Caller (Mummy Summoner)              Turns: 10142, Time: 00:20:35

Health: -1/41      AC:  3    Str: 11    XL:     6   Next: 76%
Magic:  9/13       EV: 12    Int: 17    God:
Gold:   226        SH:  0    Dex: 12    Spells: 4/14 levels left

rFire    . . .     SeeInvis .   j - +0 spear
rCold    + . .     Gourm    .   (no shield)
rNeg     + + +     Faith    .   a - +0 robe
rPois    ∞         Spirit   .   (no helmet)
rElec    .         Reflect  .   q - scarf {cloud immunity}
rCorr    .         Harm     .   (no gloves)
MR       .....                  b - +0 pair of boots
Stlth    ++........             (no amulet)
HPRegen  0.13/turn              f - ring of protection from fire
MPRegen  0.13/turn              (no ring)

@: no status effects
A: no food or potions, fire vulnerability, cold resistance 1, negative energy
resistance 3, torment resistance, unbreathing
a: no special abilities


You were on level 5 of the Dungeon.
You were not hungry.

You visited 2 branches of the dungeon, and saw 6 of its levels.

You collected 226 gold pieces.

Inventory:

Hand Weapons
 c - a +0 club
 d - a +0 short sword
 j - a +0 spear (weapon)
Missiles
 g - 3 needles of frenzy
Armour
 a - a +0 robe (worn)
 b - a +0 pair of boots (worn)
 q - a scarf of cloud immunity (worn)
Jewellery
 f - a ring of protection from fire (left hand)
Wands
 m - a wand of clouds (4)
Scrolls
 e - 6 scrolls of identify {unknown}
 h - a scroll of noise {unknown}
 i - 4 scrolls of remove curse
 k - a scroll of random uselessness {unknown}
 l - a scroll of amnesia {unknown}
 n - 2 scrolls of teleportation {unknown}
 o - a scroll of fog {unknown}
 p - a scroll of enchant weapon {unknown}


   Skills:
 - Level 1.5 Dodging
 - Level 1.5 Stealth
 + Level 4.8 Spellcasting
 + Level 5.2 Summonings
 * Level 3.0 Air Magic


You had 4 spell levels left.
You knew the following spells:

 Your Spells              Type           Power        Failure   Level  Hunger
a - Summon Small Mammal   Summ           ###.         1%          1    N/A
b - Call Imp              Summ           ###.....     2%          2    N/A
c - Call Canine Familiar  Summ           ###.....     4%          3    N/A
d - Summon Lightning Spi  Summ/Air       ###.....     26%         4    N/A

Your spell library contained the following spells:

 Spells                   Type           Power        Failure   Level  Hunger
 Animate Skeleton         Necr           N/A          14%         1    N/A
 Apportation              Tloc           #.....       14%         1    N/A
 Confusing Touch          Hex            #.....       14%         1    N/A
 Summon Guardian Golem    Hex/Summ       ##......     16%         3    N/A
 Summon Ice Beast         Ice/Summ       ##......     45%         4    N/A

Dungeon Overview and Level Annotations

Branches:
Dungeon (5/15)             Temple (1/1) D:4

Altars:
Ashenzari
Cheibriados
Dithmenos
Elyvilon
Fedhas
Hepliaklqana
Kikubaaqudgha
Makhleb
Nemelex Xobeh
Okawaru
Qazlal
Ru
Trog
Uskayaw
Wu Jian
Xom
Yredelemnul
Zin
The Shining One


Innate Abilities, Weirdness & Mutations

You do not eat or drink.
Your flesh is vulnerable to fire.
You are immune to poison.
Your flesh is cold resistant. (rC+)
You are immune to negative energy. (rN+++)
You are immune to unholy pain and torment.
You can survive without breathing.


Message History

The centaur unwields a +0 shortbow.
The centaur barely misses you.
Your shadow imp hits the centaur.
The centaur hits you!
Things that are here:
4 arrows; an adder corpse You take 8 damage, and have 14/41 hp.
You hit the centaur but do no damage.
The centaur is heavily wounded.
The centaur hits you.
Your shadow imp hits the centaur.
You take 1 damage, and have 13/41 hp.
You barely miss the centaur.
The centaur is severely wounded.
The centaur hits you but does no damage.
Your shadow imp hits the centaur but does no damage.
The centaur hits you!
* * * LOW HITPOINT WARNING * * *
You take 8 damage, and have 5/41 hp.
You hit the centaur but do no damage.
The centaur is heavily wounded.
The centaur hits you.
You die...

##. #.# ##.. ###
#.# ...#. ..# #.# #
##...###.#
####.##.#
.......#.#
#.......#
.......#.#
#.##.####
.......#.#####.##.#
.......c5......##O#
.......#@###### #.#
.......#(########.#
.......#.(.)......#
....###############
####


You could see a centaur and a friendly shadow imp.

Vanquished Creatures
  An orc priest (D:4)
  2 adders (D:3)
  2 dart slugs
  2 leopard geckos (D:4)
  3 orcs
  2 giant cockroaches
  2 goblins
  2 hobgoblins
  3 jackals
  A quokka (D:3)
  3 bats
  3 frilled lizards
  A kobold (D:2)
  3 rats
30 creatures vanquished.

Vanquished Creatures (collateral kills)
  4 ogres
  A howler monkey (D:4)
  A hound (D:4)
  An orc wizard (D:4)
  A centaur skeleton (D:4)
  Terence (D:3)
  Natasha (thrice) (D:3)
  A worker ant (D:4)
  4 adders
  An ooze (D:3)
  2 worms
  2 dart slugs
  4 leopard geckos
  6 orcs
  A giant cockroach (D:1)
  9 goblins
  4 hobgoblins
  4 jackals (D:2)
  9 kobolds
  A quokka (D:2)
  2 ball pythons
  3 bats
  6 frilled lizards
  A leopard gecko zombie (D:5)
  10 rats
82 creatures vanquished.

Grand Total: 112 creatures vanquished

Notes
Turn   | Place    | Note
-------+----------+-------------------------------------------
     0 | D:1      | tatocazan the Mummy Summoner began the quest for the Orb.
     0 | D:1      | Reached XP level 1. HP: 13/13 MP: 4/4
   744 | D:1      | Reached XP level 2. HP: 12/19 MP: 2/5
   848 | D:1      | Learned a level 2 spell: Call Imp
  1984 | D:1      | Reached skill level 4 in Summonings
  2863 | D:2      | Reached XP level 3. HP: 24/24 MP: 1/7
  2944 | D:2      | Learned a level 3 spell: Call Canine Familiar
  3869 | D:2      | Found a sparkling altar of Nemelex Xobeh.
  4308 | D:3      | Noticed an ogre
  4929 | D:2      | Noticed an ogre
  4955 | D:2      | Killed an ogre
  4955 | D:2      | Reached XP level 4. HP: 30/30 MP: 0/9
  4961 | D:2      | Learned a level 4 spell: Summon Lightning Spire
  6422 | D:3      | Noticed Natasha
  6446 | D:3      | Killed Natasha
  6592 | D:3      | Killed an ogre
  6592 | D:3      | Reached skill level 1 in Air Magic
  6592 | D:3      | Reached XP level 5. HP: 35/35 MP: 2/10
  6768 | D:3      | Noticed Natasha
  6783 | D:3      | Killed Natasha
  6803 | D:3      | Noticed Natasha
  6814 | D:3      | Noticed Terence
  6819 | D:3      | Killed Natasha
  7018 | D:3      | Found a shimmering altar of Xom.
  7061 | D:3      | Killed Terence
  7332 | D:3      | Found a hazy altar of Hepliaklqana.
  7333 | D:3      | Found a bloodstained altar of Trog.
  7344 | D:3      | Found an iron altar of Okawaru.
  7869 | D:4      | Reached skill level 5 in Summonings
  8572 | D:4      | Reached XP level 6. HP: 18/41 MP: 4/12
  9141 | D:4      | Found a staircase to the Ecumenical Temple.
  9154 | Temple   | Entered the Ecumenical Temple
  9846 | D:5      | Entered Level 5 of the Dungeon
 10142 | D:5      | Slain by a centaur

Levels and vault maps discovered:
D:1:      dpeg_arrival_subterranean_lakeside_camping, layout_basic
D:2:      layout_loops_corners, nemelex_xobeh_ov_fountains_minmay, first_ration
D:3:      layout_loops_cross, nicolae_overflow_hidden_temple, minitemple,
          grunt_ministairs_4, uniq_terence, uniq_natasha
D:4:      layout_cave_pools, minmay_temple_entry_offerings,
          kennysheep_opposing_triangles
D:5:      layout_loops_ring, uniq_sigmund
Temple:   jpeg_temple_clearing

Skill      XL: |  1  2  3  4  5  6 |
---------------+-------------------+-----
Summonings     | 4 5 |  5.2
Spellcasting   | 3 4 |  4.8
Air Magic      | 1 2 3 |  3.0
Dodging        | |  1.5
Stealth        | |  1.5

Action                   |  1- 3 |  4- 6 || total
-------------------------+-------+-------++-------
Melee: Unarmed           |     6 |       ||     6
       Club              |     5 |       ||     5
       Short sword       |    20 |     3 ||    23
       Spear             |       |    91 ||    91
 Cast: Summon Small Mamm |    92 |     8 ||   100
       Call Imp          |    17 |    58 ||    75
       Call Canine Famil |       |    11 ||    11
Evoke: Wand              |       |     1 ||     1
  Use: Scroll            |       |     1 ||     1
 Stab: Sleeping          |       |     2 ||     2
       Distracted        |       |     1 ||     1
Armor: Robe              |     7 |    12 ||    19
Dodge: Dodged            |    41 |    59 ||   100

Table legend:
 A = Non-vault XP
 B = Vault XP
 C = Vault XP percentage of total XP
 D = Non-vault monster count
 E = Vault monster count
 F = Vault count percentage of total count
                 A         B        C        D         E       F
            +---------+---------+-------+---------+---------+-------
      Total |     499 |     152 |  23.3 |      99 |      13 |  11.6
            +---------+---------+-------+---------+---------+-------
        D:1 |      30 |       7 |  18.9 |      24 |       6 |  20.0
        D:2 |     108 |       0 |   0.0 |      28 |       0 |   0.0
        D:3 |     151 |      49 |  24.5 |      30 |       4 |  11.8
        D:4 |     131 |      96 |  42.3 |      13 |       3 |  18.8
        D:5 |      79 |       0 |   0.0 |       4 |       0 |   0.0
            +---------+---------+-------+---------+---------+-------
